 Dungeon Crawl Stone Soup version bcrawl-1.13 (webtiles) character file.

Game seed: 14902555644212313243

502 Camlann the Slasher (level 6, 0/47 HPs)
             Began as a Demonspawn Archaeologist on July 27, 2019.
             Slain by an ogre
             ... wielding a +0 giant club
              (18 damage)
             ... on level 4 of the Dungeon.
             The game lasted 00:06:37 (3546 turns).

Camlann the Slasher (Demonspawn Archaeologist)      Turns: 3546, Time: 00:06:38

Health: 0/47       AC: 14    Str: 14    XL:     6   Next: 95%
Magic:  6/6        EV: 10    Int: 15    God:
Gold:   226        SH:  1    Dex: 11    Spells: 5/5 levels left

rFire    . . .     SeeInvis +   f - +8 autumn katana {slice, Clar}
rCold    . . .     Gourm    .   (no shield)
rNeg     . . .     Faith    .   s - +1 scale mail of the Hidden Princes {rElec}
rPois    .         Spirit   .   c - +1 hat
rElec    +         Reflect  .   (no cloak)
rCorr    .         Harm     .   a - +1 pair of gloves
MR       .....     Clarity  +   d - +1 pair of boots Stlth +.........Rnd*Tele +
                                (no amulet)
HPRegen  0.15/turn              l - ring of see invisible
MPRegen  0.10/turn              q - ring of teleportation (curse)

@: no status effects
A: claws 1, thin metallic scales 1, demonic guardian 1, rot immunity
a: no special abilities


You were on level 4 of the Dungeon.
You were not hungry.

You visited 1 branch of the dungeon, and saw 4 of its levels.

You collected 226 gold pieces.

Inventory:

Hand Weapons
 f - the +8 autumn katana (weapon) {slice, Clar}

   It inflicts extra damage upon your enemies.
   It protects you against confusion.
Armour
 a - a +1 pair of gloves (worn)
 c - a +1 hat (worn)
 d - a +1 pair of boots (worn)
 s - the +1 scale mail of the Hidden Princes (worn) {rElec}
   (You found it on level 4 of the Dungeon)

   It insulates you from electricity.
Jewellery
 k - an uncursed ring of flight
 l - a ring of see invisible (left hand)
 q - a cursed ring of teleportation (right hand)
Scrolls
 b - a scroll of enchant weapon {unknown}
 h - 3 scrolls of teleportation
 i - a scroll of immolation
 j - a scroll of magic mapping
 m - 4 scrolls of identify
 p - a scroll of remove curse
Potions
 n - a potion of heal wounds
Comestibles
 g - 4 rations {!d}


   Skills:
 - Level 3.0 Fighting
 + Level 7.5 Long Blades
   Level 0.8 Maces & Flails
 - Level 2.6 Dodging
 - Level 3.0 Stealth


You had 5 spell levels left.
You didn't know any spells.
Your spell library was empty.

Dungeon Overview and Level Annotations

Branches:
Dungeon (4/12)
 Temple: D:4-7

Altars:
Elyvilon
Xom


Innate Abilities, Weirdness & Mutations

You have sharp fingernails.
You are partially covered in thin metallic scales. (AC +2)
A weak demonic guardian rushes to your aid.
You are immune to rotting.


Message History

The crimson imp barely misses your ufetubus.
Your ufetubus hits the centaur skeleton. x2
Your ufetubus completely misses the crimson imp.
Your ufetubus barely misses the crimson imp.
An ogre comes into view. It is wielding a +0 giant club.
The ogre shouts!
Your ufetubus hits the crimson imp.
Your ufetubus closely misses the crimson imp. x2
Your ufetubus hits the crimson imp.
You see here a scroll labeled ZADANIOSAS.
b - a scroll labeled ZADANIOSAS The centaur skeleton barely misses your iron imp.
You slash the ogre! The ogre hits you with a +0 giant club!
You hit the ogre but do no damage.
Your ufetubus hits the centaur skeleton. x2
You slash the ogre!
Your iron imp disappears in a puff of smoke!
The centaur skeleton closely misses you.
The ogre hits you with a +0 giant club!!
You die...

## ######....# ... .... ....
'...##....## .. ......#....
#)...#..... .. ..... ...
##...#....#####'#### ...# #..
.##..#....##.......####'###'####
.†#..#.............#.$....#....#
..#..#..........O..#......#....#
..#..#%†.<.....§@..#......'....#
.##..#5.........Z..'......#....#
##†###..####.##..5###....###...#
...###..## # ##...###....###...#
.........# #....5.............#
.........# #....#............>#
.........# #....#.5...........#
.........# #....#...5...§≈§§≈.#
.<.......# #....#......≈§§§.§≈#


You could see an ogre, a crimson imp, a centaur skeleton and a friendly
ufetubus.

Vanquished Creatures
  A phantom (D:4)
  An ogre (D:4)
  A scorpion (D:4)
  A howler monkey (D:4)
  A hound (D:3)
  An orc wizard (D:4)
  A worker ant (D:4)
  8 adders
  3 worms
  3 dart slugs
  6 leopard geckos
  14 orcs
  6 bats
  3 giant cockroaches
  8 goblins
  12 hobgoblins
  6 kobolds
  4 quokkas
  A ball python (D:2)
  2 frilled lizards
  4 rats
87 creatures vanquished.

Vanquished Creatures (collateral kills)
  A leopard gecko (D:4)
1 creature vanquished.

Vanquished Creatures (others)
  An ogre (D:4)
  A hound (D:4)
  A jelly (D:4)
  A kobold (D:3)
4 creatures vanquished.

Grand Total: 92 creatures vanquished

Notes
Turn   | Place    | Note
-------+----------+-------------------------------------------
     0 | D:1      | Camlann the Demonspawn Archaeologist began the quest for
                  | the Orb.
     0 | D:1      | Reached XP level 1. HP: 15/15 MP: 1/1
   271 | D:1      | Gained mutation: You are immune to rotting. [demonic
                  | ancestry]
   271 | D:1      | Reached XP level 2. HP: 22/22 MP: 2/2
  1012 | D:2      | Reached XP level 3. HP: 23/29 MP: 3/3
  1044 | D:2      | Reached skill level 1 in Long Blades
  1337 | D:2      | Reached skill level 2 in Long Blades
  1883 | D:2      | Gained mutation: A weak demonic guardian rushes to your
                  | aid. [demonic ancestry]
  1883 | D:2      | Reached XP level 4. HP: 35/35 MP: 4/4
  1906 | D:2      | Reached skill level 3 in Long Blades
  2484 | D:3      | Reached skill level 4 in Long Blades
  2593 | D:3      | Reached skill level 5 in Long Blades
  2593 | D:3      | Gained mutation: You have sharp fingernails. [demonic
                  | ancestry]
  2593 | D:3      | Reached XP level 5. HP: 24/41 MP: 5/5
  3177 | D:4      | Found a white marble altar of Elyvilon.
  3177 | D:4      | Found a shimmering altar of Xom.
  3177 | D:4      | Noticed a phantom
  3177 | D:4      | Noticed an ogre
  3188 | D:4      | Killed an ogre
  3201 | D:4      | Got a translucent scale mail
  3212 | D:4      | Identified the +1 scale mail of the Hidden Princes {rElec}
                  | (You found it on level 4 of the Dungeon)
  3232 | D:4      | Noticed an ogre
  3259 | D:4      | Reached skill level 6 in Long Blades
  3260 | D:4      | Killed an ogre
  3260 | D:4      | Gained mutation: You are partially covered in thin metallic
                  | scales. (AC +2) [demonic ancestry]
  3260 | D:4      | Reached XP level 6. HP: 33/47 MP: 6/6
  3472 | D:4      | Reached skill level 7 in Long Blades
  3546 | D:4      | Slain by an ogre

Skill      XL: |  1  2  3  4  5  6 |
---------------+-------------------+-----
Fighting       | 2 3 |  3.0
Long Blades    | 2 5 6 7 |  7.5
Maces & Flails | |  0.8
Dodging        | |  2.6
Stealth        | |  3.0

Action                   |  1- 3 |  4- 6 || total
-------------------------+-------+-------++-------
Melee: Whip              |   161 |   149 ||   310
       Katana            |       |    36 ||    36
  Use: Potion            |     1 |     2 ||     3
       Scroll            |     5 |     5 ||    10
 Stab: Sleeping          |     4 |     6 ||    10
  Eat: Chunk             |     3 |     6 ||     9
Armor: Robe              |    56 |    41 ||    97
       Scale mail        |       |    13 ||    13
       Skin              |       |     6 ||     6
Dodge: Dodged            |   106 |   123 ||   229
Block: Other             |       |     1 ||     1
